 Dungeon Sprint DCSS version 0.18.1-47-g9310371 (webtiles) character file.

760 rftp080 the Grappler (level 7, -3/69 HPs)
             Began as a Ghoul Monk on June 20, 2016.
             Was a Priest of Makhleb.
             Slain by a vampire (7 damage)
             ... in the Dungeon (Sprint IX: "|||||||||||||||||||||||||||||").
             The game lasted 00:01:49 (216 turns).

rftp080 the Grappler (Ghoul Monk)                    Turns: 216, Time: 00:01:50

Health: -3/69      AC: 14    Str: 15    XL:     7   Next: 80%
Magic:  6/6        EV:  9    Int:  5    God:    Makhleb [***...]
Gold:   0          SH:  0    Dex: 13    Spells: 0 memorised, 6 levels left

rFire  . . .     SeeInvis .       - Unarmed
rCold  + . .     Gourm    .     p - +1 chain mail
rNeg   + + +     Faith    .     (no shield)
rPois  ∞         Spirit   .     (no helmet)
rElec  .         Dismiss  .     o - +0 cloak
rCorr  .         Reflect  .     n - +0 pair of gloves
SustAt .         Harm     .     (no boots)
MR     .....     NoTele   +     (no amulet)
Stlth  ..........               (no ring)
                                (no ring)

@: very slightly contaminated, rotting, not resistant to hostile enchantments,
extremely unstealthy
A: rotting body, claws 1, carnivore 3, cold resistance 1, negative energy
resistance 3, slow regeneration 1, torment resistance, unbreathing
a: Minor Destruction, Lesser Servant of Makhleb, Renounce Religion


You were in the Dungeon.
You worshipped Makhleb.
Makhleb was most pleased with you.
You were not hungry.

You visited 1 branch

Inventory:

Armour
 a - a +0 robe
 n - a +0 pair of gloves (worn)
 o - a +0 cloak (worn)
 p - a +1 chain mail (worn)
Magical Staves
 m - an uncursed staff of energy
Jewellery
 q - a +2 ring of evasion
 r - a +2 ring of evasion
Wands
 l - a wand of iceblast (7/15)
Scrolls
 h - 2 scrolls of blinking
 j - 3 scrolls of remove curse
 k - 2 scrolls of amnesia
Potions
 e - 3 potions of curing
 f - 4 potions of magic
 g - a potion of berserk rage
Comestibles
 b - a meat ration
 i - 3 chunks of flesh


   Skills:
 + Level 8.3 Fighting
 * Level 8.0 Armour
 + Level 7.0 Dodging
 - Level 2.1 Stealth
 * Level 11.6 Unarmed Combat


You had 6 spell levels left.
You didn't know any spells.

Dungeon Overview and Level Annotations

Branches:
Dungeon (1/1)

Altars:
Cheibriados
Dithmenos
Elyvilon
Fedhas
Gozag
Kikubaaqudgha
Makhleb
Nemelex Xobeh
Okawaru
Pakellas
Qazlal
Ru
Sif Muna
Trog
Vehumet
Xom
Yredelemnul
Zin
The Shining One
Beogh
Jiyva
Lugonu


Innate Abilities, Weirdness & Mutations

Your body is rotting away.
You thrive on raw meat.
You are immune to poison.
You have sharp fingernails.
You are carnivorous and can eat meat at any time.
Your flesh is cold resistant.
You are immune to negative energy.
You regenerate slowly when monsters are visible.
You are immune to unholy pain and torment.
You can survive without breathing.


Message History

Drink which item? (? for menu, Esc to quit)
You feel much better. Something hits you.
* * * LOW HITPOINT WARNING * * *
Something bites you but does no damage.
You miss something.
A sky beast appears from thin air!
Reactivating autopickup.
Something hits you!
* * * LOW HITPOINT WARNING * * *
Deactivating autopickup; reactivate with Ctrl-A.
Something bites you.
* * * LOW HITPOINT WARNING * * *
Drink which item? (? for menu, Esc to quit)
Okay, then.
Evoke which item? (* to show all) (? for menu, Esc to quit)
Okay, then.
Drink which item? (? for menu, Esc to quit)
You feel better. Something hits you.
* * * LOW HITPOINT WARNING * * *
Something bites you!
You die...

▓+▓
▓.▓
▓≈▓
▓≈▓
▓.▓
▓Y▓
▓.▓
▓@▓
▓.▓
▓.▓
▓.▓
▓.▓
▓.▓
▓)▓
▓.▓
▓.▓


You could see a sky beast.

Vanquished Creatures
  An unseen horror (D)
  A black bear (D)
  2 scorpions (D)
  A hound (D)
  A dart slug (D)
  A giant gecko (D)
  An orc (D)
  A goblin (D)
  3 hobgoblins (D)
  A quokka (D)
  A giant newt (D)
14 creatures vanquished.

Notes
Turn   | Place    | Note
--------------------------------------------------------------
     0 | D        | rftp080 the Ghoul Monk began the quest for the Orb.
     0 | D        | Reached XP level 1. HP: 19/19 MP: 0/0
    11 | D        | Reached skill level 1 in Armour
    12 | D        | Reached skill level 5 in Unarmed Combat
    16 | D        | Reached XP level 2. HP: 27/27 MP: 1/1
    25 | D        | Noticed a scorpion
    25 | D        | Noticed a scorpion
    41 | D        | Killed a scorpion
    41 | D        | Reached skill level 6 in Unarmed Combat
    41 | D        | Reached XP level 3. HP: 33/35 MP: 2/2
    41 | D        | Reached XP level 4. HP: 39/41 MP: 3/3
    48 | D        | Reached skill level 5 in Fighting
    48 | D        | Reached skill level 7 in Unarmed Combat
    53 | D        | Reached skill level 8 in Unarmed Combat
    53 | D        | Reached XP level 5. HP: 42/50 MP: 4/4
    68 | D        | Found a glowing silver altar of Zin.
    68 | D        | Found a glowing golden altar of the Shining One.
    68 | D        | Found an ancient bone altar of Kikubaaqudgha.
    68 | D        | Found a basalt altar of Yredelemnul.
    68 | D        | Found a shimmering altar of Xom.
    68 | D        | Found a radiant altar of Vehumet.
    69 | D        | Found an iron altar of Okawaru.
    70 | D        | Found a burning altar of Makhleb.
    71 | D        | Found a deep blue altar of Sif Muna.
    72 | D        | Found a bloodstained altar of Trog.
    73 | D        | Found a sparkling altar of Nemelex Xobeh.
    74 | D        | Found a white marble altar of Elyvilon.
    75 | D        | Found a roughly hewn altar of Beogh.
    76 | D        | Found a viscous altar of Jiyva.
    77 | D        | Found a corrupted altar of Lugonu.
    78 | D        | Became a worshipper of Makhleb the Destroyer
    78 | D        | Reached * piety under Makhleb
    78 | D        | Reached ** piety under Makhleb
   113 | D        | Found a blossoming altar of Fedhas.
   114 | D        | Found a snail-covered altar of Cheibriados.
   115 | D        | Found a shadowy altar of Dithmenos.
   116 | D        | Found a stormy altar of Qazlal.
   117 | D        | Found an opulent altar of Gozag.
   118 | D        | Found a sacrificial altar of Ru.
   119 | D        | Found an oddly glowing altar of Pakellas.
   170 | D        | Noticed a sky beast
   170 | D        | Noticed a vampire
   170 | D        | Noticed a black bear
   191 | D        | Killed an unseen horror
   191 | D        | Reached skill level 11 in Unarmed Combat
   191 | D        | Reached XP level 6. HP: 40/61 MP: 5/5
   191 | D        | Reached XP level 7. HP: 44/68 MP: 6/6
   202 | D        | Reached *** piety under Makhleb
   216 | D        | Slain by a vampire

Skill      XL: |  1  2  3  4  5  6  7 |
---------------+----------------------+-----
Armour         | 1 2 3 7 8 |  8.0
Dodging        | 3 4 6 7 |  7.0
Unarmed Combat | 5 6 8 11 | 11.6
Fighting       | 4 5 8 |  8.3
Stealth        | |  2.1

Action                   |  1- 3 |  4- 6 |  7- 9 || total
-------------------------+-------+-------+-------++-------
Melee: Unarmed           |    25 |    40 |    22 ||    87
       Punch             |       |     1 |     1 ||     2
  Use: Potion            |     3 |     2 |     2 ||     7
 Stab: Sleeping          |     1 |       |       ||     1
       Invisible         |       |       |     2 ||     2
  Eat: Chunk             |       |     2 |       ||     2
Armor: Robe              |     2 |     1 |       ||     3
       Chain mail        |       |    25 |    18 ||    43
Dodge: Dodged            |    11 |     9 |     5 ||    25
